AoeStats
← Quack

Black Forest

504138705Analyzed
4v4 RM · 27d ago on Sep 4, 2026· 47m 12s· 8 players
Game mode
Random Map
Map size
Large (8 player)
Population
200
Speed
Normal
Resources
Standard
Victory
Conquest
Starting age
Dark Age
Ending age
Imperial Age
RankedLock teamsTeams togetherTeam positionsShared explorationLock speedFull tech treeHidden civsTurbo modeCheats
Victory
Defeat
🇧🇷 Koreans · Brazil
1009
+15
🇦🇷 Teutons · Argentina
1007
+15
🇦🇷 Georgians · Argentina
993
+15
🇵🇪 Malians · Peru
979
+16
🇫🇮 Inca · Finland
1037
-17
🇲🇽 Vikings · Mexico
1032
-18
945
-14
🇨🇱 Romans · Chile
900
-12
Moscato
3:59 Loom
13:03 Feudal Age
14:14 Double-Bit Axe
18:13 Castle Age
16:22 Horse Collar
33:58 Imperial Age
32:06 Wheelbarrow
32:54 Forging
33:17 Heavy Plow
33:25 Scale Mail Armor
34:09 Hand Cart
34:34 Iron Casting
33:51 Gold Mining
33:53 Stone Mining
34:59 Chain Mail Armor
34:56 Squires
35:23 Town Watch
37:23 Plate Mail Armor
37:47 Bow Saw
38:41 Blast Furnace
39:28 Conscription
38:38 Elite Teutonic Knight
39:41 Gambesons
40:23 Conscription
40:22 Arson
41:21 Caravan
Kryztox9122
0:33 Loom
1:36 Loom
10:47 Feudal Age
18:16 Castle Age
16:35 Gold Mining
16:34 Double-Bit Axe
18:53 Horse Collar
21:47 Bow Saw
21:27 Stone Mining
21:33 Stone Mining
26:10 Heavy Plow
28:07 Wheelbarrow
28:08 Treadmill Crane
29:11 Bloodlines
29:02 Husbandry
29:16 Forging
29:11 Scale Barding Armor
28:56 Fletching
33:19 Imperial Age
31:57 Ballistics
31:33 Murder Holes
31:50 Fortified Wall
31:51 Masonry
31:39 Gold Mining
32:34 Iron Casting
32:20 Caravan
33:06 Hand Cart
33:14 Chain Barding Armor
34:22 Conscription
34:17 Town Watch
35:37 Blast Furnace
35:12 Plate Barding Armor
34:39 Bodkin Arrow
36:05 Chemistry
36:28 Fervor
36:15 Herbal Medicine
37:00 Hoardings
39:04 Stone Shaft Mining
37:56 Onager
39:12 Arrowslits
39:36 Siege Engineers
40:53 Arson
42:07 Bracer
43:37 Elite Monaspa
47:27 Architecture
47:48 Crop Rotation
Quack
0:31 Loom
13:21 Feudal Age
17:01 Castle Age
15:00 Double-Bit Axe
16:12 Wheelbarrow
16:00 Horse Collar
21:37 Town Watch
25:08 Hand Cart
31:30 Imperial Age
28:59 Crossbowman
30:17 Bow Saw
30:11 Heavy Plow
30:03 Gold Mining
30:54 Bloodlines
32:06 Gold Shaft Mining
32:30 Arbalester
34:24 Crop Rotation
34:58 Chemistry
34:39 Town Patrol
36:09 Conscription
35:51 Farimba
35:14 Cavalier
35:54 Husbandry
36:12 Stone Mining
36:44 Thumb Ring
37:24 Forging
37:05 Fletching
37:16 Padded Archer Armor
37:22 Scale Barding Armor
36:44 Elite Skirmisher
37:12 Treadmill Crane
37:53 Ballistics
48:05 Coinage
47:35 Caravan
47:46 Guilds
47:53 Block Printing
47:49 Fervor
47:40 Atonement
47:50 Redemption
48:01 Heresy
48:16 Theocracy
47:37 Herbal Medicine
47:42 Devotion
★ Zuka1
0:26 Loom
14:05 Feudal Age
14:07 Man-at-Arms
14:50 Double-Bit Axe
19:56 Fletching
24:24 Castle Age
24:26 Gold Mining
24:29 Crossbowman
25:14 Thumb Ring
25:06 Bodkin Arrow
27:56 Stone Mining
28:43 Gold Shaft Mining
28:19 Bow Saw
28:02 Horse Collar
29:19 Town Watch
30:12 Wheelbarrow
32:21 Heavy Plow
33:06 Stone Shaft Mining
33:33 Hand Cart
33:18 Town Patrol
33:56 Town Patrol
33:22 Elite Skirmisher
39:17 Imperial Age
37:51 Ballistics
41:14 Arbalester
41:57 Bracer
43:00 Chemistry
rentedu92
0:30 Loom
12:12 Feudal Age
16:17 Castle Age
14:28 Double-Bit Axe
17:14 Bow Saw
17:51 Horse Collar
24:54 Fervor
24:40 Gold Mining
29:12 Imperial Age
27:37 Stone Mining
28:23 Gold Shaft Mining
29:06 Forging
28:57 Scale Mail Armor
29:09 Heavy Plow
30:40 Iron Casting
29:59 Town Watch
30:31 Gambesons
30:46 Squires
30:32 Arson
31:01 Fletching
31:32 Chain Mail Armor
32:21 Bodkin Arrow
33:28 Blast Furnace
32:59 Plate Mail Armor
33:09 Chieftains
33:24 Treadmill Crane
34:08 Ballistics
34:34 Conscription
34:16 Elite Berserk
39:56 Chemistry
42:03 Fortified Wall
43:29 Town Patrol
Rölli
0:28 Loom
12:19 Feudal Age
14:09 Horse Collar
14:15 Double-Bit Axe
20:03 Castle Age
19:57 Gold Mining
21:48 Heavy Plow
22:02 Bow Saw
22:28 Gold Shaft Mining
26:31 Fortified Wall
29:26 Squires
35:07 Imperial Age
33:00 Ballistics
33:47 Fletching
33:57 Padded Archer Armor
33:58 Scale Mail Armor
34:08 Forging
34:01 Arson
35:04 Thumb Ring
34:21 Elite Skirmisher
35:11 Andean Sling
35:55 Wheelbarrow
36:12 Leather Archer Armor
36:52 Town Watch
37:13 Fabric Shields
37:34 Conscription
38:42 Chemistry
39:05 Bodkin Arrow
39:40 Ring Archer Armor
39:28 Chain Mail Armor
Tp 上帝 士官候補生
3:33 Loom
10:24 Feudal Age
13:45 Double-Bit Axe
16:45 Castle Age
14:56 Horse Collar
17:44 Wheelbarrow
21:52 Stone Mining
22:19 Caravan
22:45 Bow Saw
22:37 Heavy Plow
24:51 Treadmill Crane
32:01 Imperial Age
30:12 Pikeman
31:07 Murder Holes
31:38 Ballistics
32:37 Husbandry
32:48 Bloodlines
33:31 Hand Cart
34:04 Mahayana
35:04 Two-Man Saw
34:22 Arson
34:58 Paiks
35:16 Conscription
37:10 Crop Rotation
38:06 Chemistry
37:13 Siege Engineers
38:04 Fletching
38:14 Padded Archer Armor
38:22 Scale Barding Armor
41:29 Elite Elephant Archer
44:17 Bodkin Arrow
44:38 Leather Archer Armor
44:43 Chain Barding Armor
ponchotazo
0:59 Loom
12:58 Feudal Age
13:44 Double-Bit Axe
19:45 Castle Age
21:42 Horse Collar
21:52 Crossbowman
24:56 Wheelbarrow
27:14 Bow Saw
27:34 Fletching
29:59 Hand Cart
30:26 Man-at-Arms
32:35 Squires
37:26 Ballistas
37:43 Padded Archer Armor
39:07 Heavy Plow
39:03 Gold Mining
43:47 Imperial Age
41:16 Pikeman
41:17 Long Swordsman
42:04 Bodkin Arrow
42:20 Forging
42:10 Scale Mail Armor
44:16 Halberdier
46:00 Iron Casting
45:40 Chain Mail Armor
Connection lost

Rejoining the realm…

Still unreachable

The connection could not be restored.

Session expired

The server has moved on; the page needs a fresh start.